 Dungeon Crawl Stone Soup version 0.31.0-11-ge490571c62 (webtiles) character file.

Game seed: 16310999677906037664

530 Cheops the Magician (level 7, -3/45 HPs)
             Began as a Djinni Fire Elementalist on Jan 28, 2024.
             Slain by Pikel
             ... wielding a +2 whip of electrocution
              (6 damage)
             ... on level 4 of the Dungeon.
             The game lasted 00:24:11 (4209 turns).

Cheops the Magician (Djinni Fire Elementalist)      Turns: 4209, Time: 00:24:12

Health: -3/45      AC:  4    Str:  5 (7)  XL:     7   Next: 48%
Gold:   259        EV: 13    Int: 15 (18) God:
                   SH:  0    Dex: 11 (14)

rFire   + + .        a - +4 falchion (flame)
rCold   x . .        g - orb {light}
rNeg    + . .        n - +1 robe {rN+}
rPois   ∞            o - +1 hat
rElec   .            (no cloak)
rCorr   .            (no gloves)
SInv    .            (boots unavailable)
Will    .....        (no amulet)
Stlth   +            (no ring)
HPRegen 0.27/turn    (no ring)
MPRegen 0.00/turn

%: infuse magic (-4 HP)
@: attractive, flying, glowing
A: sickness immunity, fire resistance 2, cold vulnerability 1, float, innate
caster, HP casting, extra vitality 1
a: no special abilities


You were on level 4 of the Dungeon.
You visited 1 branch of the dungeon, and saw 4 of its levels.
You also visited: Sewer.

You collected 259 gold pieces.

Inventory:

Hand Weapons
 a - a +4 falchion of flaming (weapon)
Missiles
 t - a throwing net
Armour
 g - an orb of light (worn)
 n - a +1 robe of positive energy (worn)
 o - a +1 hat (worn)
 r - a +0 robe
Scrolls
 b - a scroll of acquirement {unknown}
 c - a scroll of revelation {unknown}
 e - a scroll of immolation
 f - a scroll of noise
 h - a scroll of brand weapon
 i - a scroll of silence
 j - a scroll of blinking
 m - a scroll of vulnerability
Potions
 d - a potion of haste
 k - a potion of attraction
 l - a potion of degeneration
 p - a potion of mutation {unknown}
 q - a potion of curing {unknown}
 s - a potion of berserk rage {unknown}


   Skills:
 - Level 4.1 Dodging
 - Level 3.2 Stealth
 + Level 5.5 Spellcasting
 + Level 5.5 Conjurations
 + Level 5.5 Hexes
   Level 0.0 Charms
 + Level 5.5 Summonings
 + Level 5.5 Necromancy
 + Level 5.5 Translocations
   Level 0.0 Transmutations
 + Level 5.5 Fire Magic
 + Level 5.5 Ice Magic
 + Level 5.5 Air Magic
 + Level 5.5 Earth Magic
 + Level 5.5 Alchemy


You knew the following spells:

 Your Spells              Type           Power      Damage    Failure   Level
a - Foxfire               Conj/Fire      80%        2x1d8     1%          1
b - Magic Dart            Conj           80%        1d7       1%          1
c - Ensorcelled Hibernat  Hex/Ice        40%        N/A       2%          2
i - Inner Flame           Hex/Fire       20%        N/A       4%          3
s - Scorch                Fire           40%        2d6       2%          2
v - Volatile Blastmotes   Fire/Tloc      40%        2d13      4%          3
w - Flame Wave            Conj/Fire      20%        2d7       16%         4
L - Lesser Beckoning      Tloc           40%        N/A       2%          2
Your spell library was empty.

Dungeon Overview and Level Annotations

Branches:
Dungeon (4/15)              Sewer (visited)
 Temple: D:4-7

Altars:
Gozag
The Shining One

Shops:
D:2 (

Annotations:
D:4 Pikel


Innate Abilities, Weirdness & Mutations

You are immune to sickness and miasma.
You are immune to poison.
Your flesh is very heat resistant. (rF++)
You are vulnerable to cold. (rC-)
You float through the air rather than walking.
You learn spells naturally, not from books.
Your magical power is your life essence.
You have superior vitality. (+4 MHP)


Message History

The foxfire hits the lemure.
The lemure is moderately wounded.
The lemure hits you.
Pikel hits you with a +2 whip of electrocution.
Casting: Foxfire (safe; 1% risk of failure)
Confirm with . or Enter, or press ? or * to list all spells.
You conjure some foxfire!
The lemure hits you!
* * * LOW HITPOINT WARNING * * *
Pikel barely misses you.
You hit Pikel. You burn Pikel.
Pikel is severely wounded.
The foxfire hits Pikel but does no damage.
Pikel is severely wounded.
The foxfire hits the lemure.
The lemure is moderately wounded.
The lemure barely misses you.
Pikel hits you with a +2 whip of electrocution!
* * * LOW HITPOINT WARNING * * *
The lemure misses you.
Unknown command.
Unknown command.
Unknown command.
Casting: Foxfire (safe; 1% risk of failure)
Confirm with . or Enter, or press ? or * to list all spells.
Okay, then.
It was a potion of attraction.
You feel attractive to monsters.
Pikel hits you with a +2 whip of electrocution!
* * * LOW HITPOINT WARNING * * *
The lemure hits you.
* * * LOW HITPOINT WARNING * * *
Unknown command.
Unknown command.
Unknown command.
It was a potion of degeneration.
There was something very wrong with that liquid.
You feel weakened.
You feel dopey.
You feel clumsy.
Pikel hits you with a +2 whip of electrocution.
You die...
Pikel says, "See you in Hell!"

#.#.#####.# #.....# #.#
#.#.....#.#.#.###.###..
#######...(##.#.#.....#......
.......)................>..##
[######....##.#.....#.#..#.##
#.#....................
#####.#.#..5....#.#.#......
#......##55K###.#...#)...##
#.###.##8.@.8######.#...##.
#.#.>..##...##..§...#...#..
#.#.#.###...# ....§.....#.≈
#######.#.#.###...#########...#.≈
..........#..#8...8# #...#.≈
#.......#.#..##...#### #####..#..
#............##...##8###8###..##.
#.........))###............#...#.
##..........##8................##


You could see Pikel and 3 lemures.

Vanquished Creatures
  A lemure (D:3)
  A bullfrog (Sewer)
  A crimson imp (D:4)
  2 hounds
  2 jellies
  An orc priest (D:3)
  Jessica (D:2)
  An orc wizard (D:4)
  6 adders
  2 river rats (D:4)
  14 dart slugs
  3 ribbon worms (D:3)
  8 orcs
  12 ball pythons
  13 endoplasms
  13 giant cockroaches
  7 goblins
  7 hobgoblins
  2 quokkas (D:4)
  7 bats
  11 frilled lizards
  6 kobolds
  10 rats
131 creatures vanquished.

Vanquished Creatures (others)
  310 foxfires
310 creatures vanquished.

Grand Total: 441 creatures vanquished

Notes
Turn   | Place    | Note
-------+----------+-------------------------------------------
     0 | D:1      | Cheops the Djinni Fire Elementalist began the quest for the
                  | Orb.
     0 | D:1      | Cheops set off with the following spells memorised:
                  | Foxfire, Scorch, Volatile Blastmotes, Inner Flame, Flame
                  | Wave.
     0 | D:1      | Reached XP level 1. HP: 15/15 MP: 0/0
   171 | D:1      | Reached XP level 2. HP: 19/21 MP: 0/0
   222 | D:1      | Found a faded altar of an unknown god.
   563 | D:1      | Reached XP level 3. HP: 24/25 MP: 0/0
   563 | D:1      | Learned a level 1 spell: Magic Dart
   954 | D:2      | Noticed Jessica
   958 | D:2      | Killed Jessica
   959 | D:2      | Reached XP level 4. HP: 28/31 MP: 0/0
  1431 | D:2      | Found Ugacaos's Weapon Shop.
  1723 | D:3      | Reached XP level 5. HP: 34/35 MP: 0/0
  1723 | D:3      | Learned a level 2 spell: Lesser Beckoning
  2175 | D:3      | Reached XP level 6. HP: 31/40 MP: 0/0
  2329 | D:3      | Found a glowing golden altar of the Shining One.
  2367 | D:3      | Found an opulent altar of Gozag.
  2760 | D:4      | Noticed Pikel
  2787 | D:4      | HP: 1/40 [lemure[Pikel] (7)]
  3031 | D:4      | Found a glowing drain.
  3081 | Sewer    | Entered a sewer
  3433 | Sewer    | Reached skill level 5 in Spellcasting
  3433 | Sewer    | Reached skill level 5 in Conjurations
  3433 | Sewer    | Reached skill level 5 in Hexes
  3433 | Sewer    | Reached skill level 5 in Summonings
  3433 | Sewer    | Reached skill level 5 in Necromancy
  3433 | Sewer    | Reached skill level 5 in Translocations
  3433 | Sewer    | Reached skill level 5 in Fire Magic
  3433 | Sewer    | Reached skill level 5 in Ice Magic
  3433 | Sewer    | Reached skill level 5 in Air Magic
  3433 | Sewer    | Reached skill level 5 in Earth Magic
  3433 | Sewer    | Reached skill level 5 in Alchemy
  3433 | Sewer    | Reached XP level 7. HP: 33/45 MP: 0/0
  3433 | Sewer    | Learned a level 2 spell: Ensorcelled Hibernation
  4209 | D:4      | Slain by Pikel

Illustrated notes

Levels and vault maps discovered:
D:1:      nicolae_arrival_memento_mori, layout_loops_cross,
          hellmonk_ecumenical_altar_arch_garden
D:2:      layout_loops_ring, serial_shops, nicolae_shop_back_alley_shop,
          minmay_misc_feat_square, uniq_jessica
D:3:      layout_loops_cross, nicolae_tso_carved_into_rock, old_standard_altar,
          minmay_divided_ellipse
D:4:      layout_basic, serial_corexii_hall, corexii_hall_statues_l,
          chequers_hall_statues_corner_a, gammafunk_ghost_smash,
          gup_sewer_entry_bowl, minmay_fire_ice_demons, uniq_pikel

Skill      XL: |  1  2  3  4  5  6 |
---------------+-------------------+-----
Stealth        | 2 3 |  3.2
Dodging        | 3 4 |  4.1
Spellcasting   | 4 5 |  5.5
Conjurations   | 4 5 |  5.5
Hexes          | 4 5 |  5.5
Summonings     | 4 5 |  5.5
Necromancy     | 4 5 |  5.5
Translocations | 4 5 |  5.5
Fire Magic     | 4 5 |  5.5
Ice Magic      | 4 5 |  5.5
Air Magic      | 4 5 |  5.5
Earth Magic    | 4 5 |  5.5
Alchemy        | 4 5 |  5.5

Action                     |  1- 3 |  4- 6 |  7- 9 || total
---------------------------+-------+-------+-------++-------
  Melee: Unarmed           |     4 |    11 |       ||    15
         Falchion          |       |    11 |    20 ||    31
   Cast: Foxfire           |    23 |   121 |    31 ||   175
         Magic Dart        |    16 |    15 |     9 ||    40
         Scorch            |       |     9 |     1 ||    10
    Use: Scroll            |       |    10 |       ||    10
         Potion            |       |     1 |     2 ||     3
 Armour: Robe              |     7 |    36 |    38 ||    81
  Dodge: Dodged            |     4 |    37 |    24 ||    65
